 Dungeon Crawl Stone Soup version 0.26-a0-852-g6321bf7485 (webtiles) character file.

Game seed: 18224089475733476042

209 mhtbhm the Poker (level 5, -2/46 HPs)
             Began as a Draconian Berserker on Nov 21, 2020.
             Was a Believer of Trog.
             Slain by Grinder (10 damage)
             ... on level 3 of the Dungeon.
             The game lasted 00:03:30 (3287 turns).

mhtbhm the Poker (Draconian Berserker)              Turns: 3287, Time: 00:03:30

Health: -2/46      AC:  6    Str: 20    XL:     5   Next: 55%
Magic:  5/5        EV: 13    Int:  7    God:    Trog [**....]
Gold:   143        SH:  0    Dex: 11    Spells: 4/4 levels left

rFire    . . .     SeeInvis .   a - +0 spear
rCold    . . .     Faith    .   (no shield)
rNeg     . . .     Spirit   .   (armour unavailable)
rPois    .         Reflect  .   (helmet restricted)
rElec    .         Harm     .   f - +0 cloak
rCorr    .         Rampage  .   (no gloves)
MR       .....                  (no boots)
Stlth    +.........             (no amulet)
HPRegen  0.15/turn              (no ring)
MPRegen  0.09/turn              (no ring)

@: confused, berserk cooldown, attractive
A: unfitting armour, stinger 1, evolution 1, cold-blooded, AC +5
a: Berserk, Trog's Hand, Renounce Religion


You were on level 3 of the Dungeon.
You worshipped Trog.
Trog was pleased with you.
You visited 1 branch of the dungeon, and saw 3 of its levels.

You collected 143 gold pieces.

Inventory:

Hand Weapons
 a - a +0 spear (weapon)
Missiles
 d - 10 poisoned darts (quivered)
Armour
 f - a +0 cloak (worn)
Jewellery
 k - an uncursed ring of see invisible {unknown}
 t - an uncursed amulet of guardian spirit {unknown}
Scrolls
 b - a scroll of amnesia {unknown}
 h - a scroll of enchant weapon {unknown}
 i - a scroll of enchant armour {unknown}
 m - a scroll of remove curse
 o - a scroll of fear {unknown}
 r - 3 scrolls of identify {unknown}
Potions
 c - 2 potions of mutation
 g - a potion of heal wounds {unknown}
 j - a potion of brilliance {unknown}
 n - a potion of flight {unknown}
 p - a potion of might {unknown}
 q - a potion of haste {unknown}
 s - a potion of attraction
 u - a potion of lignification {unknown}
 v - a potion of resistance {unknown}


   Skills:
 + Level 4.2 Fighting
 + Level 5.3 Polearms
 + Level 0.1 Throwing
 + Level 3.3 Dodging
 + Level 0.4 Stealth


You had 4 spell levels left.
You didn't know any spells.
Your spell library was empty.

Dungeon Overview and Level Annotations

Branches:
Dungeon (3/15)

Altars:
Ashenzari
Kikubaaqudgha
Nemelex Xobeh
Sif Muna

Annotations:
D:3 Grinder


Innate Abilities, Weirdness & Mutations

Your plain brown scales are hard. (AC +5)
You cannot fit into any form of body armour.
You are cold-blooded and may be slowed by cold attacks.
Your tail ends in a poisonous barb.
You evolve.


Message History

Grinder is almost dead.
You feel yourself speed up. Grinder gestures at you.
You suddenly lose the ability to move!
Grinder hits you!
You writhe in agony.
Grinder hits you!
* * * LOW HITPOINT WARNING * * *
You writhe in agony.
* * * LOW HITPOINT WARNING * * *
You can move again.
Unknown command.
Unknown command.
It was a potion of attraction.
You feel attractive to monsters. Grinder gestures at you.
You resist with significant effort.
It was a potion of ambrosia.
You are confused.
You feel invigorated. Grinder hits you!
You die...

#.##..## #...###..## #..
#.###..##
##....#...#####.# #.#
##..#####..(............[
#.# ##.....#.##(..#.#.####
#.# #####...###.##.#.#
##.# #####..........g.
#..######..........#..♣♣..
##.##.......#######.#.♣♣
♣♣.
###......)......@5......♣
.......)................♣
####.######.#########.#.♣
#)#####..# #.##....##
#)##.#### #.##.# #.##.#
#.##.#


You could see Grinder.

Vanquished Creatures
  An orc wizard (D:3)
  Natasha (twice) (D:3)
  2 gnolls (D:3)
  4 adders
  2 dart slugs
  A leopard gecko (D:1)
  2 orcs (D:3)
  9 bats
  2 giant cockroaches
  12 goblins
  7 hobgoblins
  6 jackals
  5 kobolds
  2 quokkas (D:2)
  3 frilled lizards
  A jackal skeleton (D:3)
  9 rats
70 creatures vanquished.

Notes
Turn   | Place    | Note
-------+----------+-------------------------------------------
     0 | D:1      | mhtbhm the Draconian Berserker began the quest for the Orb.
     0 | D:1      | Reached XP level 1. HP: 19/19 MP: 1/1
   253 | D:1      | Reached XP level 2. HP: 26/26 MP: 2/2
   713 | D:1      | Reached XP level 3. HP: 32/33 MP: 3/3
   892 | D:1      | Reached ** piety under Trog
  1419 | D:2      | Reached skill level 4 in Polearms
  1464 | D:2      | Reached XP level 4. HP: 26/40 MP: 4/4
  1606 | D:2      | Found an ancient bone altar of Kikubaaqudgha.
  2030 | D:2      | Found a broken altar of Ashenzari.
  2030 | D:2      | Found a shimmering blue altar of Sif Muna.
  2487 | D:3      | Noticed Natasha
  2500 | D:3      | Killed Natasha
  2938 | D:3      | Reached XP level 5. HP: 46/46 MP: 5/5
  3023 | D:3      | Reached skill level 5 in Polearms
  3097 | D:3      | Found a sparkling altar of Nemelex Xobeh.
  3118 | D:3      | Noticed Natasha
  3121 | D:3      | Noticed Grinder
  3175 | D:3      | Killed Natasha
  3243 | D:3      | Paralysed by Grinder for 7 turns
  3274 | D:3      | Paralysed by Grinder for 3 turns
  3277 | D:3      | Gained mutation: You evolve. [potion of mutation]
  3277 | D:3      | Gained mutation: Your tail ends in a poisonous barb.
                  | [potion of mutation]
  3283 | D:3      | Paralysed by Grinder for 3 turns
  3287 | D:3      | Slain by Grinder

Illustrated notes

Levels and vault maps discovered:
D:1:      dpeg_arrival_signposts, layout_loops_corners, minmay_pentomino_p4
D:2:      layout_basic, general_overflow_altar,
          gammafunk_temple_overflow_elements
D:3:      layout_rooms, nrook_campfire, nemelex_diamond_rough_becter,
          uniq_grinder, uniq_natasha

Skill      XL: |  1  2  3  4  5 |
---------------+----------------+-----
Dodging        | 3 |  3.3
Polearms       | 4 5 |  5.3
Fighting       | 4 |  4.2
Throwing       | |  0.1
Stealth        | |  0.4

Action                   |  1- 3 |  4- 6 || total
-------------------------+-------+-------++-------
Melee: Spear             |   124 |    97 ||   221
       Tailslap          |    10 |    11 ||    21
Throw: Dart              |     3 |       ||     3
Invok: Berserk           |       |     7 ||     7
  Use: Scroll            |     1 |       ||     1
       Potion            |       |     5 ||     5
Armor: Skin              |    30 |    11 ||    41
Dodge: Dodged            |    53 |    55 ||   108

Table legend: (Time is in decaauts)
 A = Elapsed time spent in this place.
 B = Non-inter-level travel time spent in this place.
 C = Inter-level travel time spent in this place.
 D = Time resting spent in this place.
 E = Time spent auto-exploring this place.
 F = Levels seen in this place.
 G = Mean time per level.
                   A        B        C        D        E       F      G
               +--------+--------+--------+--------+--------+-----+--------+
         Total |   3330 |   3284 |     46 |    696 |   1990 |   3 | 1110.0 |
       Dungeon |   3330 |   3284 |     46 |    696 |   1990 |   3 | 1110.0 |
               +--------+--------+--------+--------+--------+-----+--------+

Top non-repeatable levels by time:
     D:2: 1705 daAuts
     D:1: 1109 daAuts
     D:3: 515 daAuts
